 Dungeon Crawl Stone Soup version 0.24.1-8-ga250c9d538 (webtiles) character file.

Game seed: 16899421206960201745, levelgen mode: deterministic

149 Peloso the Skirmisher (level 5, 47/47 HPs)
             Began as a Hill Orc Fighter on Apr 29, 2020.
             Got out of the dungeon alive.
             The game lasted 00:04:58 (3185 turns).

Peloso the Skirmisher (Hill Orc Fighter)            Turns: 3185, Time: 00:04:58

Health: 47/47      AC:  7    Str: 19    XL:     5   Next: 31%
Magic:  5/5        EV:  7    Int:  8    God:
Gold:   300        SH: 10    Dex: 11    Spells: 4/4 levels left

rFire    . . .     SeeInvis .   a - +0 long sword
rCold    . . .     Gourm    .   c - +1 shield
rNeg     . . .     Faith    .   b - +0 scale mail
rPois    .         Spirit   +   (no helmet)
rElec    .         Reflect  .   (no cloak)
rCorr    .         Harm     .   (no gloves)
MR       .....                  (no boots)
Stlth    ..........             l - amulet of guardian spirit
HPRegen  0.15/turn              (no ring)
MPRegen  0.09/turn              (no ring)

@: no status effects
A: no striking features
a: no special abilities


You escaped.
You were hungry.

You visited 1 branch of the dungeon, and saw 4 of its levels.

You collected 300 gold pieces.

Inventory:

Hand Weapons
 a - a +0 long sword (weapon)
Armour
 b - a +0 scale mail (worn)
 c - a +1 shield (worn)
Jewellery
 g - an uncursed amulet of faith {unknown}
 l - an amulet of guardian spirit (around neck)
 q - an uncursed amulet of the gourmand
Scrolls
 e - a scroll of remove curse
 h - 7 scrolls of identify
 i - 4 scrolls of teleportation
 m - a scroll of enchant armour
Potions
 d - a potion of might
 j - a potion of heal wounds {unknown}
 k - 4 potions of curing
 o - a potion of brilliance {unknown}
 p - a potion of ambrosia {unknown}
Comestibles
 f - 5 rations


   Skills:
 + Level 4.3 Fighting
 + Level 3.9 Long Blades
 + Level 4.2 Armour
 + Level 0.5 Dodging
 + Level 0.1 Stealth
 + Level 3.9 Shields


You had 4 spell levels left.
You didn't know any spells.
Your spell library contained the following spells:

 Spells                   Type           Power        Failure   Level  Hunger
 Animate Skeleton         Necr           N/A          99%         1    ##.....
 Apportation              Tloc           #.....       99%         1    ##.....
 Confusing Touch          Hex            #.....       99%         1    ##.....
 Summon Small Mammal      Summ           #...         99%         1    ##.....


Dungeon Overview and Level Annotations

Branches:
Dungeon (4/15)
 Temple: D:4-7

Altars:
Hepliaklqana


Message History

There is an open door here.
You see here 2 curare-tipped darts.
There is a stone staircase leading up here.
You climb upwards.
There is a stone staircase leading down here.
You are feeling hungry.
(D) Dungeon
Where to? (Enter - D:1 @ (x,y), ? - help)
There is a stone staircase leading up here.
You climb upwards.
There is a stone staircase leading down here.
You see here 22 stones.
There is a stone staircase leading up here.
You climb upwards.
There is a stone staircase leading down here.
You enter the shallow water.
Moving in this stuff is going to be slow.
There is a staircase leading out of the dungeon here.
Are you sure you want to leave the Dungeon?
This will make you lose the game!
You have escaped!

#.......#....................(...
...#....#.>......................
...#....#........########....##..
...#....########.########....##..
...+....#≈≈≈≈≈≈≈.§≈≈≈§§≈#######..
...#....#≈≈§≈≈.....§§§≈§# #......
........#≈≈....≈≈≈.§§§§≈# #......
.......##§§..≈≈≈.≈≈≈.§§§# #......
.......##§§.≈≈≈.@..≈≈§§§# #......
.......##§§..≈≈≈.≈≈≈.§§§# #......
.......##≈≈....≈≈≈..[.≈≈# #......
.......##≈≈≈§≈.....≈≈≈≈≈# #......
.......##≈≈≈≈≈≈≈≈§≈≈≈≈§≈# #######
.######################## .# ##


There were no monsters in sight!

Vanquished Creatures
  A worker ant (D:4)
  4 adders
  An ooze (D:4)
  2 dart slugs
  4 leopard geckos
  5 orcs
  6 giant cockroaches
  8 goblins
  10 hobgoblins
  3 quokkas
  A ball python (D:4)
  5 bats
  3 frilled lizards (D:1)
  A goblin zombie (D:4)
  7 kobolds
  9 rats
70 creatures vanquished.

Notes
Turn   | Place    | Note
-------+----------+-------------------------------------------
     0 | D:1      | Peloso the Hill Orc Fighter began the quest for the Orb.
     0 | D:1      | Reached XP level 1. HP: 19/19 MP: 1/1
    62 | D:1      | Reached XP level 2. HP: 18/27 MP: 2/2
   418 | D:1      | Reached XP level 3. HP: 30/33 MP: 3/3
  1122 | D:2      | Found a hazy altar of Hepliaklqana.
  1481 | D:3      | Reached XP level 4. HP: 39/40 MP: 4/4
  2546 | D:4      | Reached XP level 5. HP: 35/46 MP: 3/5
  3185 | D:$      | Got out of the dungeon alive.

Levels and vault maps discovered:
D:1:      dpeg_arrival_shrine, layout_basic, minmay_split_cup_small
D:2:      layout_basic, lemuel_round_altar
D:3:      layout_basic, guppyfry_early_orc_mine
D:4:      layout_loops_corners, enter_ossuary_3, minivault_11,
          dk_noncrumbling_4, kennysheep_small_spiral

Skill      XL: |  1  2  3  4 |
---------------+-------------+-----
Fighting       | 4 |  4.3
Long Blades    | 3 |  3.9
Armour         | 4 |  4.2
Dodging        | |  0.5
Stealth        | |  0.1
Shields        | |  3.9

Action                   |  1- 3 |  4- 6 || total
-------------------------+-------+-------++-------
Melee: Long sword        |   110 |   131 ||   241
  Use: Scroll            |       |     7 ||     7
  Eat: Chunk             |     1 |     6 ||     7
Armor: Scale mail        |    71 |    75 ||   146
Dodge: Dodged            |    39 |    54 ||    93
Block: Shield            |    73 |    72 ||   145
       Rpst.: Long sword |    11 |    20 ||    31
